 Dungeon Crawl Stone Soup version 0.28-a0-440-ge3cd3e9c68 (webtiles) character file.

Game seed: 9562863588637180472

2 gruber the Conjurer (level 1, 0/11 HPs)
             Began as an Octopode Conjurer on Sept 11, 2021.
             Slain by a bat (1 damage)
             ... on level 1 of the Dungeon.
             The game lasted 00:00:08 (72 turns).

gruber the Conjurer (Octopode Conjurer)               Turns: 72, Time: 00:00:08

Health: 0/11       AC:  1    Str:  6    XL:     1   Next: 40%
Magic:  3/3        EV: 13    Int: 20    God:
Gold:   0          SH:  0    Dex: 10    Spells: 3/4 levels left

rFire   . . .      SeeInvis .   (no weapon)
rCold   . . .      Faith    .   (no shield)
rNeg    . . .      Spirit   .   (helmet restricted)
rPois   .          Reflect  .   (no amulet)
rElec   .          Harm     .   (no ring)
rCorr   .          Rampage  .   (no ring)
Will    .....                   (no ring)
Stlth   +++.......              (no ring)
HPRegen 0.03/turn               (no ring)
MPRegen 0.08/turn               (no ring)
                                (no ring)
                                (no ring)

@: no status effects
A: almost no armour, amphibious, 8 rings, camouflage 1, gelatinous body 1,
(nimble swimmer 1), tentacles
a: no special abilities


You were on level 1 of the Dungeon.
You visited 1 branch of the dungeon, and saw 1 of its levels.

You aren't carrying anything.


   Skills:
 - Level 2.0 Dodging
 - Level 2.6 Stealth
 - Level 2.0 Spellcasting
 + Level 4.1 Conjurations


You had 3 spell levels left.
You knew the following spells:

 Your Spells              Type           Power      Damage    Failure   Level
a - Magic Dart            Conj           72%        1d6       3%          1

Your spell library contained the following spells:

 Spells                   Type           Power      Damage    Failure   Level
 Searing Ray              Conj           36%        2d5       4%          2
 Dazzling Flash           Conj/Hex       20%        N/A       21%         3
 Fulminant Prism          Conj/Hex       5%         3d7       56%         4
 Iskenderun's Mystic Bla  Conj/Tloc      10%        2d4       56%         4


Dungeon Overview and Level Annotations

Branches:
Dungeon (1/15)

Altars:


Innate Abilities, Weirdness & Mutations

You cannot wear most types of armour.
You are amphibious.
You can wear up to eight rings at the same time.
Your skin changes colour to match your surroundings (Stealth+).
Your rubbery body absorbs attacks. (AC +1, EV +1)
((You are camouflaged near water. (Stealth+)))
You have tentacles for arms and can constrict up to eight enemies at once.


Message History

You swing at nothing.
The bat hits you.
* * * LOW HITPOINT WARNING * * *
You closely miss the bat. Your grab misses the bat. The bat closely misses you.
You swing at nothing.
The bat misses you.
You tentacle-slap the bat but do no damage.
Your grab misses the bat. The bat barely misses you.
You swing at nothing.
The bat closely misses you.
You tentacle-slap the bat. You grab the bat.
The bat is moderately wounded.
You constrict the bat. The bat completely misses you.
The bat struggles to escape constriction.
The bat escapes!
You barely miss the bat. Your grab misses the bat. Your squeeze misses the bat.
The bat is heavily wounded.
The bat barely misses you.
You swing at nothing.
The bat hits you.
* * * LOW HITPOINT WARNING * * *
You tentacle-slap the bat but do no damage.
Your grab misses the bat.
The bat is heavily wounded.
The bat closely misses you.
You swing at nothing.
You barely miss the bat. Your grab misses the bat.
The bat is heavily wounded.
The bat hits you but does no damage. The bat closely misses you.
You completely miss the bat. Your grab misses the bat.
You squeeze the bat, but do no damage.
The bat is heavily wounded.
The bat closely misses you.
You swing at nothing.
The bat hits you.
* * * LOW HITPOINT WARNING * * *
You barely miss the bat. Your grab misses the bat. Your squeeze misses the bat.
The bat is heavily wounded.
The bat hits you.
* * * LOW HITPOINT WARNING * * *
You swing at nothing.
The bat barely misses you.
You swing at nothing.
The bat closely misses you.
You swing at nothing.
You swing at nothing.
The bat hits you.
You die...

#≈. #≈. #≈.
#.#
#.####.######.
#....†...(..!.
#.# #b#
#@######## ###
#........#
##<##
########.#
#...# #.#
#..## #.#
#.### #.#
#.... #.#
#.###
#.#####.###
#.##.......


You could see a bat.

Vanquished Creatures
  2 giant cockroaches (D:1)
2 creatures vanquished.

Notes
Turn   | Place    | Note
-------+----------+-------------------------------------------
     0 | D:1      | gruber the Octopode Conjurer began the quest for the Orb.
     0 | D:1      | Reached XP level 1. HP: 11/11 MP: 3/3
    72 | D:1      | Slain by a bat

Illustrated notes

Levels and vault maps discovered:
D:1:      saegor_arrival_simple_a, layout_loops_ring, basic_ecumenical_altar,
          chequers_serial_rivers_micro_e, minmay_pentomino_x2

Action                   || total
-------------------------++-------
Melee: Unarmed           ||    21
       Tentacles         ||     3
       Constrict         ||     2
 Cast: Magic Dart        ||     3
Armor: Skin              ||     5
Dodge: Dodged            ||    21

Table legend: (Time is in decaauts)
 A = Elapsed time spent in this place.
 B = Non-inter-level travel time spent in this place.
 C = Inter-level travel time spent in this place.
 D = Time resting spent in this place.
 E = Time spent auto-exploring this place.
 F = Levels seen in this place.
 G = Mean time per level.
                   A        B        C        D        E       F      G
               +--------+--------+--------+--------+--------+-----+--------+
         Total |     72 |     72 |      0 |      0 |     30 |   1 |   72.0 |
       Dungeon |     72 |     72 |      0 |      0 |     30 |   1 |   72.0 |
               +--------+--------+--------+--------+--------+-----+--------+

Top non-repeatable levels by time:
     D:1: 72 daAuts
